 Dungeon Crawl Stone Soup version 0.30-a0-141-g30f27751c5 (webtiles) character file.

Game seed: 8604417929265704404

535 qw the Chopper (level 7, 0/44 HPs)
             Began as a Gargoyle Fighter on Sept 25, 2022.
             Slain by an ogre
             ... wielding a +0 giant club
              (21 damage)
             ... on level 4 of the Dungeon.
             The game lasted 00:01:18 (3576 turns).

qw the Chopper (Gargoyle Fighter)                   Turns: 3576, Time: 00:01:19

Health: 0/44       AC: 17    Str: 22    XL:     7   Next: 25%
Magic:  7/7        EV:  6    Int:  8    God:
Gold:   53         SH:  4    Dex:  9    Spells: 6/6 levels left

rFire   . . .      SeeInvis .    Y - +0 war axe
rCold   . . .      Faith    .    c - +0 buckler
rNeg    + . .      Spirit   .    j - +0 plate armour
rPois   inf        Reflect  .    m - +0 helmet
rElec   +          Harm     .    (no cloak)
rCorr   .          Rampage  .    (no gloves)
Will    +....                    (no boots)
Stlth   ..........               (no amulet)
HPRegen 0.14/turn                k - ring of willpower
MPRegen 0.10/turn                (no ring)

@: no status effects
A: sickness immunity, AC +4, negative energy resistance 1, electricity
resistance, torment resistance 1, petrification resistance
a: no special abilities


You were on level 4 of the Dungeon.
You visited 2 branches of the dungeon, and saw 6 of its levels.

You collected 179 gold pieces.
You spent 126 gold pieces at shops.


Innate Abilities, Weirdness & Mutations

You are immune to sickness and miasma.
Your stone body is resilient. (AC +4)
You are immune to poison.
You resist negative energy. (rN+)
You are resistant to electric shocks. (rElec)
You are resistant to unholy torment.
You are immune to petrification.


   Skills:
 - Level 4.7 Fighting
 - Level 6.3 Axes
 + Level 3.5 Armour
 - Level 3.2 Shields


You had 6 spell levels left.
You didn't know any spells.
Your spell library was empty.

Inventory:

Hand Weapons
 n - a +0 flail
 Y - a +0 war axe (weapon)
Missiles
 a - 3 boomerangs (quivered)
Armour
 c - a +0 buckler (worn)
 j - a +0 plate armour (worn)
 m - a +0 helmet (worn)
Jewellery
 k - a ring of willpower (left hand)
Scrolls
 b - a scroll of identify
Potions
 d - a potion of might
 e - a potion of flight {unknown}
 f - a potion of haste
 g - 4 potions of curing
 h - a potion of ambrosia {unknown}
 i - a potion of heal wounds {unknown}
 l - a potion of mutation {unknown}
 o - a potion of degeneration {unknown}

Dungeon Overview and Level Annotations

Branches:
Dungeon (5/15)             Temple (1/1) D:4

Altars:
Ashenzari
Gozag
Hepliaklqana
Kikubaaqudgha
Makhleb
Nemelex Xobeh
Qazlal
Trog
Uskayaw
Wu Jian
Xom
Yredelemnul
Zin
The Shining One

Shops:
D:4 *!


Message History

A hound comes into view.
You block the iguana's attack.
The hound moves out of view.
There is a stone staircase leading up here.
3567 ||| STAIRDANCE You block the iguana's attack.
You climb upwards.
There is a stone staircase leading down here.
You slash the iguana!
The iguana is almost dead.
The iguana bites you but does no damage.
You slash the iguana!
You kill the iguana!
Done exploring.
(D) Dungeon (T) Temple
Where to? (* - list waypoints, Enter - D:5, ? - help)
What level of the Dungeon? (default 1, ? - help)
You climb downwards.
You hear the sound of rushing water.
There is an entrance to a sewer on this level.
Hurry and find it before the portal rusts away!
The hound barely misses you.
A necrophage comes into view.
The hound barely misses you.
The ogre hits you with a +0 giant club!!
The jelly jiggles.
There is a stone staircase leading up here.
3573 ||| STAIRDANCE The hound bites you but does no damage.
The hound barely misses you.
The scorpion stings you but does no damage.
You climb upwards.
There is a stone staircase leading down here.
You hit the ogre.
The ogre is lightly wounded.
You barely miss the hound. The hound bites you. You block the ogre's attack.
You barely miss the ogre.
The ogre is lightly wounded.
You miss the hound. You block the hound's attack.
The hound bites you but does no damage.
The ogre hits you with a +0 giant club!!
You die...

### #######.#
#.......#
#.#.....#####
#.#.........#
#.#..######.# #.#..#
#.#
#.#..######.######
#@h...............
#O#..######.#.....
#.#########.#.....
#.......[.........
###.................
#..................#
#................#.#
#................#.#
####..............#..


You could see an ogre and a hound.

Vanquished Creatures
  Eustachio (D:4)
  Menkaure (D:4)
  A water moccasin (D:4)
  An iguana (D:4)
  5 adders
  A worm (D:3)
  2 dart slugs
  6 orcs (D:3)
  11 ball pythons
  3 endoplasms (D:2)
  4 giant cockroaches
  10 goblins
  5 hobgoblins
  6 kobolds
  2 quokkas
  4 bats
  5 frilled lizards
  10 rats
78 creatures vanquished.

Notes
Turn   | Place    | Note
-------+----------+-------------------------------------------
     0 | D:1      | qw the Gargoyle Fighter began the quest for the Orb.
     0 | D:1      | Reached XP level 1. HP: 14/14 MP: 1/1
     0 | D:1      | 0 ||| qw: Version: 0.2-a-10-g399e6c4
     0 | D:1      | 0 ||| qw: Game counter: 269
     0 | D:1      | 0 ||| qw: Always use a shield: true
     0 | D:1      | 0 ||| qw: God list: Okawaru
     0 | D:1      | 0 ||| qw: Allow faded altars: false
     0 | D:1      | 0 ||| qw: Do Orc after D:15 true
     0 | D:1      | 0 ||| qw: Do second Lair branch before Depths: true
     0 | D:1      | 0 ||| qw: Lair rune preference: random
     0 | D:1      | 0 ||| qw: Plans: Normal, Zot:1-4, God:TSO, Crypt, Tomb,
                  | Pan, Slime:5, Hells, Abyss, Orb
     0 | D:1      | 0 ||| PLANNING D:1-11
    31 | D:1      | Reached skill level 2 in Axes
    77 | D:1      | Reached XP level 2. HP: 19/19 MP: 2/2
    92 | D:1      | 92 ||| Stepping ~*~*~tactically~*~*~ (stealth).
    93 | D:1      | 93 ||| Stepping ~*~*~tactically~*~*~ (stealth).
   239 | D:1      | 239 ||| Stepping ~*~*~tactically~*~*~ (stealth).
   371 | D:1      | Reached skill level 3 in Axes
   667 | D:1      | 667 ||| READING scroll labelled HUSUL OHIC.
   668 | D:1      | 668 ||| READING scroll labelled OGU HIC TUMYH.
   669 | D:1      | 669 ||| READING scroll labelled MUDAGOUFUO.
   686 | D:2      | 686 ||| Stepping ~*~*~tactically~*~*~ (stealth).
   695 | D:2      | Reached XP level 3. HP: 18/23 MP: 3/3
   697 | D:2      | 697 ||| FLEEEEING.
   698 | D:2      | 698 ||| STAIRDANCE
   762 | D:2      | Found a faded altar of an unknown god.
   823 | D:2      | 823 ||| Stepping ~*~*~tactically~*~*~ (stealth).
   824 | D:2      | 824 ||| Stepping ~*~*~tactically~*~*~ (stealth).
  1005 | D:2      | 1005 ||| Stepping ~*~*~tactically~*~*~ (hiding).
  1204 | D:2      | Reached XP level 4. HP: 26/28 MP: 4/4
  1323 | D:2      | Reached skill level 4 in Axes
  1774 | D:2      | 1774 ||| UPGRADING to +0 plate armour.
  1784 | D:2      | 1784 ||| DROPPING +0 scale mail.
  1785 | D:2      | 1785 ||| READING scroll labelled NOCLISK VYEX.
  1797 | D:3      | Found a basalt altar of Yredelemnul.
  1983 | D:3      | 1983 ||| Stepping ~*~*~tactically~*~*~ (stealth).
  2022 | D:3      | 2022 ||| FLEEEEING.
  2023 | D:3      | 2023 ||| FLEEEEING.
  2024 | D:3      | 2024 ||| FLEEEEING.
  2025 | D:3      | 2025 ||| FLEEEEING.
  2026 | D:3      | 2026 ||| FLEEEEING.
  2027 | D:3      | 2027 ||| FLEEEEING.
  2028 | D:3      | 2028 ||| FLEEEEING.
  2029 | D:3      | 2029 ||| FLEEEEING.
  2030 | D:3      | 2030 ||| FLEEEEING.
  2031 | D:3      | 2031 ||| FLEEEEING.
  2032 | D:3      | 2032 ||| STAIRDANCE
  2065 | D:2      | 2065 ||| UPGRADING to +0 helmet.
  2070 | D:2      | 2070 ||| DROPPING +6 ring of intelligence.
  2071 | D:2      | 2071 ||| READING scroll labelled LOSMEI KAINO.
  2072 | D:2      | 2072 ||| READING 3 scrolls labelled RIRUGA BAESKE.
  2073 | D:2      | 2073 ||| READING 2 scrolls of identify.
  2073 | D:2      | 2073 ||| IDENTIFYING bubbling clear potion
  2074 | D:2      | 2074 ||| DROPPING 2 scrolls of summoning.
  2082 | D:3      | 2082 ||| STAIRDANCE
  2226 | D:3      | 2226 ||| DROPPING +0 club.
  2227 | D:3      | 2227 ||| DROPPING +0 whip.
  2356 | D:3      | 2356 ||| READING 2 scrolls of identify.
  2356 | D:3      | 2356 ||| IDENTIFYING fuming inky potion
  2370 | D:4      | Found Ejurofoe's Distillery.
  2373 | D:4      | 2373 ||| STAIRDANCE
  2375 | D:4      | Reached XP level 5. HP: 32/32 MP: 5/5
  2375 | D:4      | 2375 ||| STAIRDANCE
  2384 | D:4      | 2384 ||| BUYING potion of curing (42 gold).
  2384 | D:4      | Bought a potion of curing for 42 gold pieces
  2384 | D:4      | 2384 ||| BUYING potion of curing (42 gold).
  2384 | D:4      | Bought a potion of curing for 42 gold pieces
  2384 | D:4      | 2384 ||| BUYING potion of curing (42 gold).
  2384 | D:4      | Bought a potion of curing for 42 gold pieces
  2384 | D:4      | 2384 ||| SHOPLISTING potion of haste (140 gold, have 31).
  2384 | D:4      | 2384 ||| SHOPLISTING potion of heal wounds (70 gold, have
                  | 31).
  2384 | D:4      | 2384 ||| SHOPLISTING potion of might (56 gold, have 31).
  2407 | D:4      | Noticed Eustachio
  2430 | D:4      | Killed Eustachio
  2431 | D:4      | Reached skill level 5 in Axes
  2431 | D:4      | Reached XP level 6. HP: 29/37 MP: 6/6
  2534 | D:4      | Found a staircase to the Ecumenical Temple.
  2535 | D:4      | 2535 ||| PLANNING TEMPLE
  2543 | Temple   | Entered the Ecumenical Temple
  2820 | Temple   | 2820 ||| PLANNING D:1-11
  2983 | D:4      | 2983 ||| Stepping ~*~*~tactically~*~*~ (hiding).
  3212 | D:4      | Found Gih Futi's Overcharged Wands.
  3223 | D:4      | 3223 ||| SHOPLISTING wand of digging (11) (693 gold, have
                  | 53).
  3223 | D:4      | Noticed Menkaure
  3233 | D:4      | Killed Menkaure
  3483 | D:4      | 3483 ||| UPGRADING to ring of willpower.
  3506 | D:5      | Entered Level 5 of the Dungeon
  3507 | D:5      | 3507 ||| PLANNING SEWER
  3508 | D:5      | Noticed a water moccasin
  3510 | D:5      | 3510 ||| STAIRDANCE
  3517 | D:4      | Killed a water moccasin
  3518 | D:4      | Reached skill level 6 in Axes
  3518 | D:4      | Reached XP level 7. HP: 37/44 MP: 7/7
  3567 | D:5      | 3567 ||| STAIRDANCE
  3573 | D:5      | 3573 ||| STAIRDANCE
  3576 | D:4      | Slain by an ogre

Levels and vault maps discovered:
D:1:      lightli_arrival_statuegarden, layout_loops_ring,
          minmay_misc_feat_four_crosses
D:2:      minmay_skewed_foursquare, layout_rooms,
          dreamdust_ecumenical_altar_statues, kennysheep_potato
D:3:      layout_rooms, lemuel_doored_altar
D:4:      layout_basic, minmay_temple_entry_antechambers, nicolae_stop_n_shop_2,
          nicolae_shop_overcharged_wands, uniq_menkaure, uniq_eustachio
D:5:      layout_loops_corners, lemuel_tele_altar, cheibrodos_sewer_entry_drain,
          minmay_fractal_squares_5
Temple:   compressed_dpeg_triangle_lava_temple

Skill      XL: |  1  2  3  4  5  6 |
---------------+-------------------+-----
Axes           | 2 3 4 5 6 |  6.3
Fighting       | 4 |  4.7
Armour         | |  3.5
Shields        | |  3.2

Action                   |  1- 3 |  4- 6 |  7- 9 || total
-------------------------+-------+-------+-------++-------
Melee: War axe           |   102 |   141 |     4 ||   247
Throw: Boomerang         |       |    21 |       ||    21
  Use: Scroll            |     3 |     5 |       ||     8
Armor: Scale mail        |    49 |    26 |       ||    75
       Plate armour      |       |   103 |     4 ||   107
Dodge: Dodged            |    41 |    66 |     3 ||   110
Block: Buckler           |    14 |    41 |     4 ||    59

Table legend:
 A = Non-vault XP
 B = Vault XP
 C = Vault XP percentage of total XP
 D = Non-vault monster count
 E = Vault monster count
 F = Vault count percentage of total count
                 A         B        C        D         E       F
            +---------+---------+-------+---------+---------+-------
      Total |     179 |     586 |  76.6 |      71 |       7 |   9.0
            +---------+---------+-------+---------+---------+-------
        D:1 |      32 |       0 |   0.0 |      19 |       0 |   0.0
        D:2 |      78 |      17 |  17.9 |      26 |       3 |  10.3
        D:3 |      39 |       0 |   0.0 |      17 |       0 |   0.0
        D:4 |      30 |     569 |  95.0 |       9 |       4 |  30.8
            +---------+---------+-------+---------+---------+-------
